 Dungeon Crawl Stone Soup version 0.32-a0-975-g85d4e5bfdb (webtiles) character file.

Game seed: 3003641880447739400

4718 araganzar the Cleaver (level 10, -2/76 HPs)
             Began as a Demonspawn Reaver on Apr 18, 2024.
             Was a Priest of Okawaru.
             Slain by a wight
             ... wielding a +3 scimitar of freezing
              (4 damage)
             ... on level 9 of the Dungeon.
             The game lasted 00:39:32 (10656 turns).

araganzar the Cleaver (Demonspawn Reaver)          Turns: 10656, Time: 00:39:32

Health: -2/76      AC:  5    Str: 18    XL:     10   Next: 22%
Magic:  13/13      EV: 10    Int: 13    God:    Okawaru [***...]
Gold:   1055       SH:  0    Dex: 17    Spells: 12/13 levels left

rFire   . . .        a - +5 trident (venom)
rCold   . . .        (no shield)
rNeg    . . .        o - +0 ring mail
rPois   +            p - +1 helmet
rElec   .            (no cloak)
rCorr   .            c - +2 pair of gloves
SInv    .            v - +0 pair of boots
Will    .....        (no amulet)
Stlth   +            z - ring of poison resistance {rPois, !d}
HPRegen 0.32/turn    e - +6 ring of dexterity
MPRegen 0.13/turn

%: no passive effects
@: corroded, invisible
A: hooves 2, yellow scales 1, ignite blood 3, bedeviling
a: Renounce Religion, Heroism


You were on level 9 of the Dungeon.
You worshipped Okawaru.
Okawaru was most pleased with you.
You visited 2 branches of the dungeon, and saw 10 of its levels.

You collected 1055 gold pieces.


Innate Abilities, Weirdness & Mutations

You have hoof-like feet.
You are partially covered in yellow scales. (AC +2)
Your demonic aura causes all spilled blood to erupt in flames.
Your hexes are more powerful.


   Skills:
 - Level 6.0 Fighting
 - Level 10.1(11.1) Axes
 + Level 7.6(10.0) Polearms
 - Level 2.0 Throwing
 + Level 2.0 Armour
 - Level 2.0 Dodging
 - Level 2.0 Spellcasting
 - Level 3.0 Conjurations


You had 12 spell levels left.
You knew the following spells:

 Your Spells              Type           Power      Damage    Failure   Level
a - Kiss of Death         Conj/Necr      20%        2d7       24%         1

Your spell library contained the following spells:

 Spells                   Type           Power      Damage    Failure   Level
 Magic Dart               Conj           36%        1d4       13%         1
 Searing Ray              Conj           18%        2d5       19%         2
 Momentum Strike          Conj/Tloc      10%        3d8       34%         2
 Lesser Beckoning         Tloc           2%         N/A       54%         2
 Hailstorm                Conj/Ice       5%         3d5       56%         3
 Maxwell's Portable Pile  Tloc           1%         2d(5-13)  78%         3
 Teleport Other           Tloc           1%         N/A       78%         3
 Fulminant Prism          Conj/Alch      2%         3d5       93%         4
 Orb of Destruction       Conj           4%         9d5       100%        7
 Rimeblight               Ice/Necr       0%         2d3       (prima100%   7
 Summon Blazeheart Golem  Fire/Summ      Unusable   N/A       N/A         4
 Death Channel            Necr           Unusable   N/A       N/A         6
 Sculpt Simulacrum        Ice/Alch       Unusable   N/A       N/A         6
 Spellforged Servitor     Conj/Summ      Unusable   N/A       N/A         7

Inventory:

Hand Weapons
 a - a +5 trident of venom (weapon)
   (You took it off a gnoll sergeant on level 7 of the Dungeon)
 b - a +4 trident of draining
   (You took it off Jeremiah on level 6 of the Dungeon)
 B - a +0 sling
   (You found it on level 5 of the Dungeon)
Missiles
 f - 6 darts of dispersal {=f}
 m - a throwing net {=f, !d}
 q - 8 boomerangs (quivered)
 r - 7 poisoned darts
 y - 2 curare-tipped darts
Armour
 c - a +2 pair of gloves (worn)
   (You found it on level 1 of the Dungeon)
 g - a +0 leather armour
 n - a +0 kite shield
   (You found it on level 3 of the Dungeon)
 o - a +0 ring mail (worn)
   (You took it off an orc on level 3 of the Dungeon)
 p - a +1 helmet (worn)
   (You found it on level 2 of the Dungeon)
 v - a +0 pair of boots (worn)
   (You found it on level 6 of the Dungeon)
Jewellery
 e - a +6 ring of dexterity (right hand)
   (You found it on level 4 of the Dungeon)
 k - a ring of wizardry {Wiz+, !d}
   (You found it on level 2 of the Dungeon)
 l - a ring of fire {rF+, rC-}
   (You found it on level 2 of the Dungeon)
 z - a ring of poison resistance (left hand) {rPois, !d}
   (You found it on level 7 of the Dungeon)
Wands
 D - a wand of mindburst (24)
   (You found it on level 8 of the Dungeon)
Scrolls
 x - 2 scrolls of amnesia
Potions
 d - a potion of experience {unknown}
 h - 2 potions of enlightenment
 i - a potion of degeneration {unknown}
 j - a potion of mutation {!q}
 s - a potion of might
 t - a potion of resistance
 u - 2 potions of brilliance
 w - a potion of magic
 C - 2 potions of lignification {!q}

#.###### #......#
#......#
##......#
.$......#
........#### #
..........<# ...
.........Dz# ....
.......zzz@#.....
.#####..z###.....
+.g.#.......
#...........
#...~~~≈~~~.
#..z~▒▒▒▒▒~.
#.z.g▒ #..Dgg.
#...z▒...


You could see an acid dragon (unable to see you, catching breath), 5 wights and
a goblin (unable to see you).


Message History

You reach to attack!
You hit the wight. You closely miss the wight.
A wight comes into view. It is wielding a +4 war axe.
The wight hits you but does no damage.
You closely miss the wight.
The acid dragon bites you but does no damage.
The acid dragon claws you.
You take 1 damage, and have 75/76 hp.
You hit the acid dragon but do no damage.
You barely miss the acid dragon. The wight hits you but does no damage.
The acid dragon bites you. The acid dragon barely misses you.
The wight closely misses you.
You hit the acid dragon. The wight closely misses you.
The acid dragon spits acid at you. The splash of acid hits you!!
The acid corrodes you! The wight barely misses you.
You take 30 damage, and have 45/76 hp.
MASSIVE DAMAGE!!
Unknown command.
Okay, then.
You fade into invisibility!
The wight barely misses you. The acid dragon spits acid at you.
The splash of acid hits you!!
* * * LOW HITPOINT WARNING * * *
The acid corrodes you!
The wight hits you with a +3 scimitar of freezing!
* * * LOW HITPOINT WARNING * * *
The wight freezes you.
You die...

Action                     |  1- 3 |  4- 6 |  7- 9 | 10-12 || total
---------------------------+-------+-------+-------+-------++-------
  Melee: Hand axe          |   191 |    85 |   187 |       ||   463
         Kick              |       |    30 |    20 |       ||    50
         Spear             |       |       |    16 |       ||    16
         Glaive            |       |       |    11 |       ||    11
         Trident           |       |       |    93 |    52 ||   145
         Halberd           |       |       |     9 |       ||     9
   Fire: Sling             |       |     2 |       |       ||     2
  Throw: Boomerang         |       |       |     8 |       ||     8
         Throwing net      |       |       |     2 |       ||     2
   Cast: Kiss of Death     |     1 |     2 |       |       ||     3
 Invoke: Heroism           |       |       |     2 |       ||     2
  Evoke: Wand              |       |     8 |    16 |       ||    24
    Use: Scroll            |       |     8 |    10 |     4 ||    22
         Potion            |       |     1 |     2 |     1 ||     4
 Armour: Leather armour    |   145 |    15 |       |       ||   160
         Scale mail        |       |     6 |       |       ||     6
         Ring mail         |       |    54 |   219 |    20 ||   293
  Dodge: Dodged            |   107 |    67 |   156 |    19 ||   349

Levels and vault maps discovered:
D:1:      dpeg_arrival_rhombi, layout_basic
D:2:      layout_basic, basic_altar, serial_rivers,
          chequers_serial_rivers_micro_d, chequers_serial_rivers_micro_b,
          chequers_serial_rivers_micro_d, chequers_serial_rivers_large_b,
          chequers_serial_rivers_room_b, chequers_serial_rivers_micro_b,
          chequers_ecumenical_altar_simple, corexii_corridor_pit, uniq_natasha
D:3:      layout_basic, nicolae_ashenzari_skybound, gammafunk_ghost_mausoleum,
          grunt_decor_mini_mirrors, uniq_terence
D:4:      layout_gridville, kennysheep_generic_room_3, uniq_eustachio
D:5:      layout_loops_ring, uniq_ijyb, uniq_duvessa
D:6:      minmay_diamond_boxcup, layout_basic, mainiacjoe_overflow_alcove_4,
          mainiacjoe_overflow_24_doors, hex_medium,
          nicolae_shop_i_like_small_books_too, chequers_serial_rivers_micro_d,
          amethyst_killhole, hellmonk_no_cap, uniq_jeremiah
D:7:      cheibrodos_helix_gallery, layout_basic,
          eat_drink_and_be_merry_uskayaw, mainiacjoe_overflow_tiny_flanked,
          gammafunk_temple_overflow_statue, minmay_temple_entry_hall
D:8:      minmay_spotlight, layout_loops_corners,
          nicolae_wu_jian_immortal_techniques, mainiacjoe_overflow_chevrons,
          serial_glass, glass_columns_a, glass_columns_a, uniq_grum
D:9:      layout_irregular_city, marbit_many_paths, hiddenorc1_lemuel,
          enter_bailey_3
Temple:   hellmonk_temple_micro_hex

Notes
Turn   | Place    | Note
-------+----------+-------------------------------------------
     0 | D:1      | araganzar the Demonspawn Reaver began the quest for the
                  | Orb.
     0 | D:1      | Reached XP level 1. HP: 16/16 MP: 3/3
   252 | D:1      | Reached skill level 3 in Axes
   335 | D:1      | Gained mutation: You are partially covered in yellow
                  | scales. (AC +2) [demonic ancestry]
   335 | D:1      | Reached XP level 2. HP: 23/23 MP: 5/5
  1362 | D:2      | Found a faded altar of an unknown god.
  1385 | D:2      | Reached XP level 3. HP: 16/28 MP: 6/6
  1454 | D:2      | Found a shadowy altar of Dithmenos.
  1458 | D:2      | Noticed Natasha
  1601 | D:3      | Reached skill level 3 in Fighting
  1712 | D:3      | Found a transporter.
  1723 | D:3      | Noticed a phantom
  1772 | D:3      | Found a transporter.
  1775 | D:3      | Noticed Loveship's ghost (amateur MDMo)
  2271 | D:3      | Found a broken altar of Ashenzari.
  2337 | D:3      | Gained mutation: You have large cloven feet. [demonic
                  | ancestry]
  2337 | D:3      | Reached XP level 4. HP: 33/33 MP: 7/7
  2379 | D:3      | Noticed Terence
  2390 | D:3      | Killed Terence
  2934 | D:2      | Reached skill level 4 in Axes
  3329 | D:4      | Gained mutation: Your demonic aura sometimes causes spilled
                  | blood to erupt in flames. [demonic ancestry]
  3329 | D:4      | Reached XP level 5. HP: 38/42 MP: 8/8
  3580 | D:4      | Noticed Eustachio
  3585 | D:4      | Killed Eustachio
  3586 | D:4      | Reached skill level 5 in Axes
  3586 | D:4      | Gained mutation: Your demonic aura often causes spilled
                  | blood to erupt in flames. [demonic ancestry]
  3586 | D:4      | Reached XP level 6. HP: 41/48 MP: 7/9
  3803 | D:4      | Reached skill level 6 in Axes
  4255 | D:4      | Identified a scroll of acquirement
  4255 | D:4      | Acquired 565 gold pieces
  4442 | D:2      | Killed Natasha
  4505 | D:5      | Entered Level 5 of the Dungeon
  4576 | D:5      | Noticed Ijyb
  4588 | D:5      | Killed Ijyb
  4633 | D:5      | Gained mutation: Your demonic aura causes all spilled blood
                  | to erupt in flames. [demonic ancestry]
  4633 | D:5      | Reached XP level 7. HP: 49/53 MP: 10/10
  4769 | D:5      | Noticed Dowan
  4813 | D:4      | Reached skill level 7 in Axes
  4843 | D:5      | Noticed a two-headed ogre
  4865 | D:5      | Noticed Duvessa
  4918 | D:4      | Killed Duvessa
  4919 | D:4      | Reached skill level 2 in Polearms
  4919 | D:4      | Killed Dowan
  5106 | D:5      | Reached skill level 4 in Fighting
  5106 | D:5      | Reached XP level 8. HP: 60/60 MP: 11/11
  5429 | D:6      | Found Fegeh's Tiny Tomes.
  5480 | D:6      | Reached skill level 8 in Axes
  5687 | D:6      | Noticed Jeremiah
  5992 | D:6      | Found an iron altar of Okawaru.
  6095 | D:6      | Became a worshipper of Warmaster Okawaru
  6302 | D:6      | HP: 4/60 [acid (7)]
  6681 | D:6      | Reached skill level 9 in Axes
  6980 | D:6      | Found a burning altar of Makhleb.
  7274 | D:7      | Found a hide-covered altar of Uskayaw.
  7344 | D:7      | Found a staircase to the Ecumenical Temple.
  7350 | Temple   | Entered the Ecumenical Temple
  7369 | D:7      | Reached * piety under Okawaru
  7370 | D:7      | Reached skill level 10 in Axes
  7487 | D:7      | Reached skill level 2 in Dodging
  7533 | D:7      | Reached skill level 1 in Armour
  7545 | D:7      | Gained mutation: Your hexes are more powerful. [demonic
                  | ancestry]
  7545 | D:7      | Reached XP level 9. HP: 38/65 MP: 12/12
  7749 | D:7      | Reached skill level 2 in Armour
  7935 | D:6      | Killed Jeremiah
  7936 | D:6      | Reached skill level 4 in Polearms
  8088 | D:6      | Reached skill level 5 in Polearms
  8420 | D:5      | Killed a two-headed ogre
  8420 | D:5      | Reached ** piety under Okawaru
  8421 | D:5      | Reached skill level 6 in Polearms
  8497 | D:5      | Reached skill level 7 in Polearms
  8867 | D:7      | Found a snail-covered altar of Cheibriados.
  8867 | D:7      | Found an ancient bone altar of Kikubaaqudgha.
  8935 | D:7      | Found a stormy altar of Qazlal.
  9517 | D:8      | Found an opulent altar of Gozag.
  9544 | D:8      | Noticed Grum
  9546 | D:8      | Reached skill level 1 in Throwing
  9568 | D:8      | Killed Grum
  9569 | D:8      | Reached skill level 2 in Throwing
  9569 | D:8      | Gained mutation: You have hoof-like feet. [demonic
                  | ancestry]
  9569 | D:8      | Reached XP level 10. HP: 36/71 MP: 13/13
  9708 | D:8      | Reached *** piety under Okawaru
  9827 | D:8      | Reached skill level 5 in Fighting
 10483 | D:8      | Reached skill level 6 in Fighting
 10591 | D:8      | Found an ornate altar of the Wu Jian Council.
 10656 | D:9      | HP: 2/76 [wight/+3 scimitar of freezing (12)]
 10656 | D:9      | Slain by a wight

Vanquished Creatures
  A two-headed ogre (D:5)
  Jeremiah (D:6)
  A wyvern (D:8)
  Eustachio (D:4)
  Grum (D:8)
  A steam dragon (D:6)
  Duvessa (D:4)
  A water moccasin (D:7)
  An ice beast (D:7)
  3 orc warriors
  3 black bears
  2 ogres (D:5)
  3 wolves (D:8)
  2 phantoms
  4 bullfrogs
  A kobold brigand (D:7)
  A gnoll sergeant (D:7)
  6 scorpions
  Dowan (D:4)
  A killer bee (D:8)
  2 electric eels (D:7)
  A howler monkey (D:6)
  A bombardier beetle (D:4)
  A hound (D:4)
  4 jellies
  3 orc priests (D:8)
  2 gnoll boudas (D:7)
  2 iguanas (D:6)
  Ijyb (D:5)
  Terence (D:3)
  5 orc wizards
  Natasha (D:2)
  5 sleepcaps
  6 gnolls (D:7)
  9 adders
  2 shadow imps (D:8)
  A white imp (D:6)
  3 ufetubi (D:6)
  3 dart slugs
  2 ribbon worms
  21 orcs
  4 bats
  6 endoplasms
  4 giant cockroaches
  4 goblins
  6 hobgoblins
  2 quokkas
  5 ball pythons
  3 frilled lizards
  9 kobolds
  4 rats
159 creatures vanquished.
